Map: Lock & Load

Players

Shtihmus

  • Race: Protoss Protoss
  • Spawn Location: 6:00

NamroodTuo

  • Race: Zerg Zerg

VOD

Have the link to the VOD?

Description

Time

  • Played on: Jan. 10, 2023, 12:29 p.m.
  • Length: 29:24
Show
View Real Time Build Order
Export as new Build Order

Shtihmus Protoss 

Build Orders:  

Get SALT Encoding   

  12  0:02  Probe (Chrono Boost)  
  13  0:14  Probe (Chrono Boost)  
  14  0:29  Pylon  
  14  0:37  Probe (Chrono Boost)  
  15  0:47  Probe (Chrono Boost)  
  16  0:53  Assimilator  
  16  0:57  Probe (Chrono Boost)  
  17  1:03  Assimilator  
  17  1:08  Probe (Chrono Boost)  
  18  1:18  Probe (Chrono Boost)  
  19  1:23  Pylon  
  19  1:28  Probe (Chrono Boost)  
  20  1:44  Probe (Chrono Boost)  
  21  1:53  Probe (Chrono Boost)  
  22  2:03  Probe (Chrono Boost)  
  23  2:13  Probe (Chrono Boost)  
  23  2:15  Gateway  
  24  2:21  Forge  
  24  2:24  Probe (Chrono Boost)  
  25  2:37  Probe (Chrono Boost)  
  26  2:46  Probe (Chrono Boost)  
  27  2:56  Probe (Chrono Boost)  
  28  3:29  Pylon  
  28  3:31  Enhanced Targeting  
  28  3:33  Khaydarin Monolith  
  28  3:51  Solar Efficiency Level 1  
  28  4:00  Sentinel  
  30  4:17  Probe (Chrono Boost)  
  31  4:27  Probe (Chrono Boost)  
  32  4:37  Probe (Chrono Boost)  
  33  4:45  Khaydarin Monolith  
  33  4:47  Probe (Chrono Boost)  
  34  5:15  Optimized Ordinance  
  34  5:16  Nexus  
  34  5:25  Assimilator  
  34  5:33  Assimilator  
  34  5:44  Shield Battery  
  34  5:48  Shield Battery  
  34  6:01  Photon Cannon  
  34  6:08  Photon Cannon  
  34  6:43  Probe (Chrono Boost)  
  35  6:53  Probe (Chrono Boost)  
  35  6:58  Cybernetics Core  
  36  7:02  Pylon  
  36  7:03  Probe (Chrono Boost)  
  36  7:06  Pylon  
  36  7:07  Fortification Barrier  
  37  7:13  Probe (Chrono Boost)  
  37  7:14  Pylon  
  37  7:16  Probe (Chrono Boost)  
  39  7:22  Probe (Chrono Boost)  
  39  7:26  Probe (Chrono Boost)  
  41  7:36  Probe (Chrono Boost)  
  42  7:46  Probe x2 (Chrono Boost)  
  44  7:55  Probe (Chrono Boost)  
  44  7:56  Probe (Chrono Boost)  
  44  7:58  Twilight Council  
  46  8:05  Probe (Chrono Boost)  
  46  8:06  Probe (Chrono Boost)  
  48  8:15  Probe (Chrono Boost)  
  48  8:16  Probe (Chrono Boost)  
  50  8:25  Probe (Chrono Boost)  
  51  8:56  Photon Cannon  
  51  8:59  Shield Battery  
  51  9:10  Probe (Chrono Boost)  
  51  9:16  Protoss Shields Level 1  
  51  9:19  Charge  
  52  9:20  Probe (Chrono Boost), Robotics Facility  
  52  9:24  Warp Gate  
  52  9:29  Stargate  
  53  9:30  Probe (Chrono Boost)  
  53  9:31  Stargate  
  54  10:03  Protoss Air Weapons Level 1  
  54  10:14  Reconstruction  
  54  10:28  Solar Efficiency Level 2  
  54  10:29  Observer  
  55  10:55  Observer  
  56  11:21  Observer  
  56  11:22  Robotics Bay  
  57  11:30  Fleet Beacon  
  57  11:33  Rapid Recharging  
  57  11:35  Protoss Ground Armor Level 1  
  57  11:38  Pylon  
  57  11:42  Pylon  
  57  11:45  Pylon  
  57  11:47  Observer  
  57  11:48  Pylon  
  57  11:50  Pylon  
  57  11:55  Pylon  
  57  11:58  Pylon  
  58  12:01  Pylon  
  58  12:13  Observer  
  58  12:16  Advanced Repair Systems  
  59  12:22  Protoss Air Armor Level 1  
  59  12:25  Carrier  
  59  12:29  Pylon  
  59  12:31  Pylon  
  59  12:35  Pylon  
  59  12:38  Pylon  
  59  12:42  Pylon  
  59  12:47  Reclamation  
  65  13:14  Carrier  
  71  13:46  Unknown  
  71  13:54  Protoss Ground Weapons Level 1  
  70  14:30  Khaydarin Monolith  
  70  14:32  Khaydarin Monolith  
  70  14:35  Photon Cannon  
  70  14:37  Photon Cannon  
  70  14:47  Shield Battery  
  70  14:48  Shield Battery  
  70  14:53  Shield Battery  
  70  15:01  Khaydarin Monolith  
  70  15:05  Khaydarin Monolith  
  70  15:16  Pylon  
  70  15:21  Khaydarin Monolith  
  70  15:22  Khaydarin Monolith  
  70  15:24  Khaydarin Monolith  
  70  15:29  Khaydarin Monolith  
  70  15:33  Shield Battery  
  70  15:59  Shield Battery  
  70  16:00  Carrier  
  70  16:08  Shield Battery  
  70  16:09  Protoss Shields Level 2  
  76  16:48  Pylon  
  76  16:53  Khaydarin Monolith  
  76  16:55  Khaydarin Monolith  
  76  16:57  Shield Battery  
  76  17:03  Pylon  
  76  17:09  Khaydarin Monolith  
  76  17:10  Khaydarin Monolith  
  76  17:13  Shield Battery  
  76  17:16  Shield Battery  
  76  17:21  Photon Cannon  
  76  17:24  Photon Cannon  
  76  17:26  Photon Cannon  
  76  17:28  Photon Cannon  
  76  17:30  Photon Cannon, Shield Battery  
  76  17:32  Shield Battery  
  76  17:39  Shield Battery  
  76  17:48  Shield Battery  
  76  17:54  Carrier  
  76  17:55  Carrier  
  88  18:37  Protoss Air Weapons Level 2  
  88  18:45  Solar Efficiency Level 3  
  88  19:19  Repair Drones  
  88  19:55  Carrier x2  
  88  20:20  Phase Detonation  
  88  20:23  Protoss Air Armor Level 2  
  100  21:23  Sentinel  
  100  22:04  Unknown  
  100  22:05  Solar Flare  
  98  22:46  Carrier  
  98  22:48  Carrier  
  110  24:18  Protoss Shields Level 3, Carrier x2  
  110  24:52  Phasing Armor  
  110  25:19  Carrier  
  122  25:48  Anion Pulse-Crystals  
  128  28:08  Gravitic Boosters  
Show
View Real Time Build Order
Export as new Build Order

NamroodTuo Zerg 

Build Orders:  

Get SALT Encoding   

  12  0:04  Infested SCV  
  13  0:26  Infested Barracks  
  13  0:35  Infested SCV  
  14  0:44  Overlord  
  14  0:51  Infested SCV  
  15  1:02  Overlord  
  15  1:13  Infested SCV  
  16  1:26  Infested SCV  
  16  1:27  Overlord  
  17  1:30  Infested SCV  
  17  1:34  Infested Marine  
  17  1:36  Infestation Level 1  
  19  1:52  Infested Marine  
  20  2:02  Infested Marine  
  20  2:04  Infested Marine  
  20  2:06  Infested Marine x2  
  20  2:07  Infested Marine x2  
  20  2:08  Infested Marine  
  27  2:31  Infested Marine x2  
  27  2:32  Infested Marine x2  
  27  2:38  Infested SCV  
  27  2:39  Infested SCV x3  
  35  2:40  Infested SCV  
  36  3:01  Infested Barracks  
  36  3:06  Infested Refinery  
  36  3:07  Infested SCV x2  
  37  3:21  Overlord  
  37  3:30  Infested Refinery  
  36  3:40  Infested Engineering Bay  
  36  3:45  Infested Marine  
  36  3:47  Infested Marine  
  36  3:48  Infested Marine  
  36  3:49  Infested Marine x3  
  40  3:51  Infested Marine x2  
  33  4:20  Infested Barracks Tech Lab  
  33  4:29  Infested Bunker  
  37  4:32  Infested SCV  
  37  4:33  Infested SCV x3  
  41  4:42  Overlord  
  41  4:52  Infested SCV  
  42  5:29  Infested Marine x2  
  38  6:29  Infested Bunker  
  42  6:34  Infested Marine x7  
  42  6:35  Infested Marine x2  
  42  6:36  Infestation Level 2  
  51  6:43  Infested Bunker  
  51  6:50  Retinal Augmentation  
  51  6:55  Regenerative Plating  
  51  7:39  Infested Marine  
  52  7:40  Stukov Infantry Weapons Level 1, Infested Marine x3  
  52  7:45  Plagued Munitions  
  52  7:46  Infested Command Center  
  55  8:10  Overlord  
  55  8:17  Overlord  
  46  8:28  Anaerobic Enhancement  
  46  8:55  Infested Bunker  
  50  9:00  Overlord  
  50  9:16  Broodling Gestation  
  50  9:28  Infested SCV  
  47  9:35  Infested SCV  
  47  9:38  Infested Factory  
  48  9:51  Infested SCV  
  48  9:52  Overlord  
  48  9:54  Infested SCV  
  48  9:55  Infested SCV  
  51  10:06  Infested Marine x3  
  51  10:08  Stukov Infantry Armor Level 1  
  54  10:18  Infested Barracks  
  54  10:45  Infested Armory  
  54  11:03  Infested SCV x3  
  54  11:04  Infested SCV x2  
  56  12:26  Infested Marine  
  56  12:27  Infested Marine x16  
  56  12:28  Infested Marine x20  
  56  12:29  Infested Marine x9  
  102  12:39  Aggressive Incubation  
  102  12:56  Overlord x5  
  95  13:31  Infested Bunker  
  72  13:44  Overseer  
  72  13:47  Unknown  
  70  14:02  Infested Marine  
  70  14:03  Infested Marine x16  
  85  14:15  Infested Bunker  
  80  14:42  Infestation Level 3  
  80  14:44  Infested Marine  
  80  14:45  Calcified Armor, Infested Marine x6  
  80  14:46  Infested Marine x6  
  93  15:11  Infested Bunker  
  93  15:19  Infested Bunker  
  97  15:20  Stukov Infantry Weapons Level 2  
  85  16:21  Infested Marine  
  85  16:22  Infested Marine x14  
  85  16:23  Infested Marine x21  
  85  16:24  Infested Marine x5  
  113  16:43  Infested Bunker  
  117  16:50  Infested SCV x2  
  117  16:51  Infested SCV x3  
  134  17:14  Infested Bunker  
  134  17:19  Infested Marine  
  135  17:20  Infested Marine x7  
  142  17:32  Infested Bunker  
  124  18:04  Infested Bunker  
  124  18:05  Stukov Infantry Armor Level 2  
  93  18:58  Overlord x3  
  93  18:59  Overlord x2  
  93  19:09  Overseer x6  
  93  19:10  Overseer x4  
  93  19:27  Stukov Infantry Weapons Level 3  
  93  19:39  Overseer  
  93  19:45  Overseer x4  
  93  20:02  Infested Marine x4  
  93  20:03  Infested Marine x19  
  93  20:04  Infested Marine x16  
  132  20:15  Infested Marine x3  
  132  20:16  Infested Marine x19  
  154  20:21  Infested Marine  
  154  20:22  Infested Marine x6  
  156  20:45  Infested Bunker  
  156  20:46  Infested Bunker  
  163  20:51  Infested Bunker  
  158  21:38  Infested Barracks  
  158  21:43  Infested SCV x2  
  158  21:44  Infested SCV x3  
  101  22:23  Infested Marine  
  101  22:24  Infested Marine x21  
  101  22:25  Infested Marine x19  
  101  22:26  Infested Marine x3  
  145  22:53  Infested Marine  
  145  22:54  Infested Marine x15  
  145  22:55  Infested Marine x2  
  163  23:25  Infested SCV  
  163  23:26  Infested SCV x2  
  166  23:36  Overlord x3  
  166  23:37  Overlord x4  
  169  24:05  Infested Marine  
  169  24:06  Infested Marine x12  
  169  24:07  Infested Marine x19  
  169  24:15  Infested Marine x2  
  169  24:16  Infested Marine x12  
  171  24:29  Infested Bunker  
  165  24:36  Infested Bunker  
  157  24:42  Infested Marine  
  157  24:43  Infested Marine x15  
  157  24:44  Infested Marine x5  
  151  25:57  Infested Bunker  
  143  26:06  Infested SCV x4  
  143  26:07  Infested SCV  
  136  26:17  Infested Marine x3  
  136  26:18  Infested Marine x15  
  136  26:19  Infested Marine x18  
  170  26:20  Infested Marine x12  
  166  26:31  Infested Bunker  
  166  26:35  Infested Marine  
  166  26:36  Infested Marine x10  
  166  26:37  Infested Marine x20  
  166  26:38  Infested Marine x3  
  174  27:49  Infested Bunker  
  155  28:11  Overseer x2  
  155  28:24  Infested Bunker  
  121  28:37  Overlord  
  121  28:38  Overlord x3  
  125  29:11  Infested Bunker  
Tags
 
Commander
KaraxStukov
Matchup
Co-op
Replay Pack
Multiplayer
Add a new tag
Caveats
  • Supply blocks, unpowered buildings, or Contaminate may cause inaccurate times.
  • Supply counts are checked every 10 seconds.